 Dungeon Crawl Stone Soup version 0.23-a0-629-gae4348f (webtiles) character file.

226 galech the Chopper (level 5, -5/42 HPs)
             Began as a Demonspawn Fighter on Dec 26, 2018.
             Was a Follower of Okawaru.
             Slain by Duvessa
             ... wielding a +0 short sword
              (14 damage)
             ... on level 4 of the Dungeon.
             The game lasted 00:02:45 (2653 turns).

galech the Chopper (Demonspawn Fighter)             Turns: 2653, Time: 00:02:45

Health: -5/42      AC:  9    Str: 22    XL:     5   Next: 69%
Magic:  5/5        EV:  8    Int:  9    God:    Okawaru [*.....]
Gold:   153        SH:  9    Dex: 13    Spells: 4/4 levels left

rFire    . . .     SeeInvis +   a - +0 war axe
rCold    + . .     Gourm    .   c - +0 shield
rNeg     . . .     Faith    .   b - +0 scale mail
rPois    .         Spirit   .   i - +0 helmet
rElec    .         Reflect  .   (no cloak)
rCorr    .         Harm     .   (no gloves)
MR       .....                  (no boots)
Stlth    ..........             (no amulet)
HPRegen  0.14/turn              r - ring of see invisible
MPRegen  0.09/turn              (no ring)

@: mighty
A: talons 1, rugged brown scales 1, cold resistance 1, rot immunity
a: Heroism, Renounce Religion


You were on level 4 of the Dungeon.
You worshipped Okawaru.
Okawaru was aware of your devotion.
You were not hungry.

You visited 1 branch of the dungeon, and saw 4 of its levels.

You collected 153 gold pieces.

Inventory:

Hand Weapons
 a - a +0 war axe (weapon)
Armour
 b - a +0 scale mail (worn)
 c - a +0 shield (worn)
 i - a +0 helmet (worn)
Jewellery
 r - a ring of see invisible (left hand)
Scrolls
 e - 4 scrolls of amnesia {unknown}
 h - a scroll of fog {unknown}
 j - 2 scrolls of enchant armour {unknown}
 k - a scroll of enchant weapon {unknown}
 l - 2 scrolls of remove curse {unknown}
 m - 3 scrolls of identify {unknown}
 n - a scroll of fear {unknown}
 o - 2 scrolls of teleportation {unknown}
 q - a scroll of magic mapping {unknown}
Potions
 p - a potion of degeneration {unknown}
 s - a potion of resistance {unknown}
Comestibles
 f - 8 rations


   Skills:
 + Level 3.5 Fighting
 + Level 3.9 Axes
 + Level 3.4 Armour
 + Level 1.1 Dodging
 + Level 0.2 Stealth
 + Level 3.3 Shields


You had 4 spell levels left.
You didn't know any spells.
Your spell library was empty.

Dungeon Overview and Level Annotations

Branches:
Dungeon (4/15)
 Temple: D:4-7

Altars:
Okawaru

Annotations:
D:4 Duvessa


Innate Abilities, Weirdness & Mutations

You have sharp toenails.
You are partially covered in rugged brown scales. (AC +1, +3% HP)
Your flesh is cold resistant. (rC+)
You are immune to rotting.


Message History

The gnoll hits you but does no damage. The orc barely misses you.
You slash the orc!
You kill the orc!
Okawaru accepts your kill.
You hit the orc. The gnoll barely misses you. The orc hits you with a +0 club.
You block Duvessa's attack. Duvessa hits you with a +0 short sword.
* * * LOW HITPOINT WARNING * * *
The orc hits you with a +0 club.
* * * LOW HITPOINT WARNING * * *
You block the gnoll's attack. You block Duvessa's attack.
You block the orc's attack.
Found 16 stones.
Things that are here:
a +2 dagger of venom; a +0 robe; a +0 whip You closely miss the gnoll.
You claw the gnoll.
The gnoll is moderately wounded.
You barely miss the orc. You closely miss Duvessa.
Duvessa hits you but does no damage. You block the gnoll's attack.
Duvessa hits you with a +0 short sword!
You die...

######### #.......#
#.......# #.......#
#.......# #.......#
+...g...# ###...e@o.#
#########.#####(#......
#...........#.(.# .....
#...........'...+ ...(
#......##...##### ###
##......######
#...###### ###......#
#......# ####


You could see Duvessa (berserk), a gnoll and an orc.

Vanquished Creatures
  Dowan (D:4)
  6 adders
  2 gnolls (D:4)
  4 worms
  3 dart slugs
  2 leopard geckos
  5 orcs
  3 giant cockroaches
  12 goblins
  7 hobgoblins
  2 jackals (D:3)
  12 kobolds
  A quokka (D:3)
  3 ball pythons
  9 bats
  7 frilled lizards
  3 rats
82 creatures vanquished.

Notes
Turn   | Place    | Note
-------+----------+-------------------------------------------
     0 | D:1      | galech the Demonspawn Fighter began the quest for the Orb.
     0 | D:1      | Reached XP level 1. HP: 18/18 MP: 1/1
    99 | D:1      | Gained mutation: You have sharp toenails. [demonic
                  | ancestry]
    99 | D:1      | Reached XP level 2. HP: 11/24 MP: 2/2
  1237 | D:2      | Gained mutation: You are partially covered in rugged brown
                  | scales. (AC +1, +3% HP) [demonic ancestry]
  1237 | D:2      | Reached XP level 3. HP: 15/29 MP: 3/3
  1413 | D:2      | Found an iron altar of Okawaru.
  1429 | D:2      | Became a worshipper of Warmaster Okawaru
  1563 | D:2      | Gained mutation: You are immune to rotting. [demonic
                  | ancestry]
  1563 | D:2      | Reached XP level 4. HP: 36/36 MP: 4/4
  2608 | D:4      | Reached skill level 1 in Dodging
  2608 | D:4      | Gained mutation: Your flesh is cold resistant. (rC+)
                  | [demonic ancestry]
  2608 | D:4      | Reached XP level 5. HP: 42/42 MP: 5/5
  2642 | D:4      | Noticed Duvessa
  2642 | D:4      | Noticed Dowan
  2650 | D:4      | Killed Dowan
  2650 | D:4      | Reached * piety under Okawaru
  2653 | D:4      | Slain by Duvessa

Vault maps used:
D:1:      dpeg_arrival_simpleton_a, minmay_tromino_v4_a
D:2:      kennysheep_six_static_rooms, kennysheep_okawaru_gauntlet
D:4:      minmay_general_purpose_star, minmay_temple_entry_glassed_door,
          uniq_ijyb, uniq_duvessa, uniq_sigmund

Skill      XL: |  1  2  3  4 |
---------------+-------------+-----
Axes           | 2 3 |  3.9
Shields        | 3 |  3.3
Armour         | 3 |  3.4
Dodging        | 1 |  1.1
Fighting       | |  3.5
Stealth        | |  0.2

Action                   |  1- 3 |  4- 6 || total
-------------------------+-------+-------++-------
Melee: War axe           |   116 |    81 ||   197
       Kick              |    16 |    21 ||    37
  Use: Potion            |       |     1 ||     1
  Eat: Chunk             |     2 |     4 ||     6
Armor: Scale mail        |    48 |    47 ||    95
Dodge: Dodged            |    41 |    28 ||    69
Block: Shield            |    71 |    49 ||   120

Table legend:
 A = Non-vault XP
 B = Vault XP
 C = Vault XP percentage of total XP
 D = Non-vault monster count
 E = Vault monster count
 F = Vault count percentage of total count
                 A         B        C        D         E       F
            +---------+---------+-------+---------+---------+-------
      Total |     244 |      80 |  24.7 |      73 |       9 |  11.0
            +---------+---------+-------+---------+---------+-------
        D:1 |      26 |       2 |   7.1 |      17 |       2 |  10.5
        D:2 |      85 |       9 |   9.6 |      27 |       6 |  18.2
        D:3 |      70 |       0 |   0.0 |      22 |       0 |   0.0
        D:4 |      63 |      69 |  52.3 |       7 |       1 |  12.5
            +---------+---------+-------+---------+---------+-------
